 Dungeon Crawl Stone Soup version 0.29-a0-330-g52719c12eb (webtiles) character file.

Game seed: 8334504575473789285

6752 kae the Transmogrifier (level 10, -6/99 HPs)
             Began as a Black Draconian Transmuter on May 16, 2022.
             Was a Priest of Ru.
             Mangled by a brown ugly thing (10 damage)
             ... on level 8 of the Dungeon.
             The game lasted 00:08:29 (8526 turns).

kae the Transmogrifier (Black Draconian Transmuter) Turns: 8526, Time: 00:08:30

Health: -6/99      AC:  7    Str: 14    XL:     10   Next: 75%
Magic:  17/19      EV: 16    Int: 20    God:    Ru [***...]
Gold:   1113       SH:  0    Dex: 17    Spells: 12/22 levels left

rFire   x x .      SeeInvis .     - Unarmed
rCold   + + +      Faith    .   (shield currently unavailable)
rNeg    . . .      Spirit   .   (body armour unavailable)
rPois   +          Reflect  .   (helmet currently unavailable)
rElec   .          Harm     .   (cloak currently unavailable)
rCorr   .          Rampage  .   (gloves currently unavailable)
Will    .....                   (boots currently unavailable)
Stlth   ++........              v - amulet of regeneration
HPRegen 1.06/turn               l - +4 ring of evasion
MPRegen 0.16/turn               m - ring of the Dolphin {Ice Int+5 Dex+4}

@: about to teleport, ice-form, corroded
A: freezing attack, amphibious, boosted hp, (breathe lightning), AC +7, large,
unfitting armour, (electricity resistance), (cold-blooded), inability to use
devices, hated by all
a: End Transformation, Renounce Religion, Draw Out Power


You were on level 8 of the Dungeon.
You worshipped Ru.
Ru was most pleased with you.
You were a creature of crystalline ice.
You visited 2 branches of the dungeon, and saw 9 of its levels.
You also visited: Ossuary.

You collected 1113 gold pieces.

Inventory:

Jewellery
 l - a +4 ring of evasion (left front paw)
 m - the ring of the Dolphin (right front paw) {Ice Int+5 Dex+4}
   (You found it on level 3 of the Dungeon)

   [ring of ice]

   It enhances your ice magic.
   Int:       It affects your intelligence (+5).
   Dex:       It affects your dexterity (+4).
   rF:        It makes you vulnerable to fire.
   rC:        It protects you from cold.
 u - a ring of fire
 v - an amulet of regeneration (around neck)
Scrolls
 d - a scroll of magic mapping
 i - 2 scrolls of teleportation
 r - a scroll of amnesia
Potions
 a - 2 potions of lignification
 b - a potion of ambrosia
 c - a potion of mutation
 e - 2 potions of cancellation
 f - 3 potions of flight
 g - a potion of degeneration {unknown}
 h - 6 potions of heal wounds
 j - a potion of might
 k - a potion of magic
 n - 3 potions of curing
 o - 2 potions of brilliance
 p - 2 potions of invisibility
 s - a potion of haste
 t - 2 potions of berserk rage


   Skills:
 + Level 5.9 Fighting
 + Level 5.1 Dodging
 + Level 7.5 Unarmed Combat
 + Level 6.6 Spellcasting
 * Level 10.1 Transmutations
 - Level 4.0 Ice Magic
 - Level 2.0 Poison Magic


You had 12 spell levels left.
You knew the following spells:

 Your Spells              Type           Power      Damage    Failure   Level
a - Beastly Appendage     Tmut           94%        N/A       1%          1
b - Wereblood             Tmut           47%        N/A       1%          2
c - Spider Form           Tmut/Pois      31%        N/A       2%          3
d - Ice Form              Ice/Tmut       51%        N/A       5%          4

Your spell library contained the following spells:

 Spells                   Type           Power      Damage    Failure   Level
 Passwall                 Tmut/Erth      21%        N/A       1%          2
 Sandblast                Erth           12%        2d6       10%         1
 Stone Arrow              Conj/Erth      12%        3d7       30%         3


Dungeon Overview and Level Annotations

Branches:
Dungeon (8/15)             Temple (1/1) D:4         Ossuary (visited)
   Lair: D:8-11

Altars:
Ashenzari
Cheibriados
Dithmenos
Elyvilon
Fedhas
Gozag
Hepliaklqana
Kikubaaqudgha
Makhleb
Nemelex Xobeh
Okawaru
Qazlal
Ru
Sif Muna
Trog
Uskayaw
Vehumet
Wu Jian
Xom
Yredelemnul
Zin
The Shining One

Annotations:
D:7 3 runed translucent doors, Megustar's ghost, novice DEFE; eyesofgods1's ghost, novice OpFi; kaladindcss's ghost, amateur MiFi


Innate Abilities, Weirdness & Mutations

You are a creature of crystalline ice.
You have a powerful freezing melee attack.
You are amphibious.
Your maximum health is increased.
Your armour is entirely melded.
You are incapable of wielding weapons or throwing items.
((You can breathe wild blasts of lightning.))
((Your glossy black scales are hard. (AC +7)))
You cannot fit into any form of body armour.
((You are resistant to electric shocks. (rElec)))
((You are cold-blooded and may be slowed by cold attacks.))
You cannot study or use magical devices.
You are hated by all.


Message History

The brown ugly thing bites you!
You are splashed with acid.
You completely miss the brown ugly thing.
The brown ugly thing is severely wounded.
You barely miss the brown ugly thing.
The brown ugly thing is severely wounded.
The brown ugly thing bites you! The acid corrodes you!
You are splashed with acid!
You hit the brown ugly thing but do no damage.
The brown ugly thing is heavily wounded.
The brown ugly thing barely misses you.
You barely miss the brown ugly thing.
The brown ugly thing is heavily wounded.
The brown ugly thing bites you!
You are splashed with acid!
The brown ugly thing barely misses you.
As you read the scroll of teleportation, it crumbles to dust.
You feel strangely unstable. The brown ugly thing bites you!
You are splashed with acid!
* * * LOW HITPOINT WARNING * * *
The brown ugly thing barely misses you.
You punch the brown ugly thing! You freeze the brown ugly thing.
The brown ugly thing is severely wounded.
The brown ugly thing bites you but does no damage.
The brown ugly thing barely misses you.
You punch the brown ugly thing! You freeze the brown ugly thing.
The brown ugly thing is almost dead.
The brown ugly thing bites you but does no damage.
The brown ugly thing gores you.
* * * LOW HITPOINT WARNING * * *
You are splashed with acid!
* * * LOW HITPOINT WARNING * * *
You hit the brown ugly thing. You freeze the brown ugly thing.
The brown ugly thing is almost dead.
The brown ugly thing bites you but does no damage.
The brown ugly thing gores you.
* * * LOW HITPOINT WARNING * * *
You are splashed with acid.
* * * LOW HITPOINT WARNING * * *
The brown ugly thing attacks as you move away!
The brown ugly thing gores you!
You die...

+#...#)...##. +#.#.#))..#..
#.#..##..##.. #.#.#.#).....
#..##.#.## .. ##)#)##.#....
###'####. .. ###+###......
##.....###.##. ##.))..##....#
#.......###..u ##..#.#..##...#
#.........####'####..##.##..##.>#
...........#⌠..u⌠#..#.....#..#..#
...._._....#..#uY#.##.....##.#..#
..(..#.....'.###.'...........'..#
...._._....#..#./#.##.....##.#..#
...........#⌠...⌠#..#.....#..#..#
#.........####'####..##.##..##..#
.......##.......##..#.#..##...#
#.....##..#####..##.....##....#
##+###.. #..###'###....## ...
#...........##


You could see 3 ugly things.

Vanquished Creatures
  A catoblepas (D:8)
  A boulder beetle (D:8)
  Pikel (D:8)
  A hornet (D:8)
  Grinder (D:5)
  Sigmund (D:3)
  A wyvern (D:8)
  7 yaks
  Menkaure (D:6)
  A water moccasin (D:5)
  Duvessa (D:6)
  2 black bears
  2 orc warriors (D:8)
  2 ice beasts (D:6)
  2 sky beasts
  2 ogres
  4 centaurs
  4 lemures (D:7)
  3 kobold brigands
  4 bullfrogs
  A necrophage (D:6)
  5 scorpions
  7 wights
  Dowan (D:6)
  3 orc priests
  2 gnoll shamans (D:8)
  2 hounds (D:6)
  An iron imp (D:4)
  2 jellies
  An iguana (D:5)
  4 orc wizards
  A mummy (Ossuary)
  3 gnolls (D:3)
  6 adders
  A white imp (D:6)
  2 ufetubi
  A worm (D:3)
  10 orcs
  4 spectral bats (Ossuary)
  5 bats
  5 endoplasms
  3 giant cockroaches
  12 gnoll zombies (Ossuary)
  5 goblins
  7 hobgoblins
  4 jackals (D:3)
  2 quokkas
  10 ball pythons
  2 bat simulacra (Ossuary)
  5 frilled lizards
  4 goblin simulacra (Ossuary)
  2 goblin zombies (Ossuary)
  5 hobgoblin zombies (Ossuary)
  17 kobolds
  4 kobold simulacra (Ossuary)
  6 kobold zombies (Ossuary)
  5 orc zombies (Ossuary)
  2 rats
  5 rat simulacra (Ossuary)
  4 spectral goblins (Ossuary)
  3 spectral kobolds (Ossuary)
  2 spectral rats (Ossuary)
218 creatures vanquished.

Vanquished Creatures (others)
  An orc warrior (D:8)
  A wight (D:7)
  An orc (D:4)
3 creatures vanquished.

Grand Total: 221 creatures vanquished

Notes
Turn   | Place    | Note
-------+----------+-------------------------------------------
     0 | D:1      | kae the Draconian Transmuter began the quest for the Orb.
     0 | D:1      | Reached XP level 1. HP: 16/16 MP: 3/3
   290 | D:1      | Reached XP level 2. HP: 23/23 MP: 3/5
   293 | D:1      | Learned a level 2 spell: Wereblood
   749 | D:1      | Reached XP level 3. HP: 28/28 MP: 6/6
   753 | D:1      | Learned a level 3 spell: Spider Form
  1046 | D:2      | Found a faded altar of an unknown god.
  1087 | D:2      | Reached skill level 3 in Transmutations
  1778 | D:3      | Reached XP level 4. HP: 11/35 MP: 4/7
  2255 | D:3      | Reached skill level 1 in Poison Magic
  2660 | D:3      | Noticed Sigmund
  2665 | D:3      | Identified the ring of the Dolphin {Ice Int+5 Dex+4}
  2672 | D:3      | Killed Sigmund
  2673 | D:3      | Reached skill level 4 in Transmutations
  2673 | D:3      | Reached XP level 5. HP: 36/40 MP: 6/9
  2673 | D:3      | Reached XP level 6. HP: 43/47 MP: 6/10
  2862 | D:3      | Learned a level 4 spell: Ice Form
  3136 | D:4      | Reached skill level 1 in Ice Magic
  3157 | D:4      | Found a sand-covered staircase.
  3244 | Ossuary  | Entered an ossuary
  3828 | D:4      | Identified a scroll of acquirement
  3828 | D:4      | Acquired 755 gold pieces
  3904 | D:4      | Found a staircase to the Ecumenical Temple.
  3918 | Temple   | Entered the Ecumenical Temple
  4041 | Temple   | Became a worshipper of Ru the Awakened
  4091 | D:4      | Found a snail-covered altar of Cheibriados.
  4109 | D:4      | Reached skill level 5 in Transmutations
  4559 | D:5      | Entered Level 5 of the Dungeon
  4626 | D:5      | Your scales start taking on a glossy black colour.
  4626 | D:5      | Reached XP level 7. HP: 44/52 MP: 9/12
  4626 | D:5      | Gained mutation: You are resistant to electric shocks.
                  | (rElec) [Black Draconian growth]
  5212 | D:5      | Noticed Grinder
  5236 | D:5      | Paralysed by Grinder for 3 turns
  5243 | D:5      | Paralysed by Grinder for 3 turns
  5251 | D:5      | Killed Grinder
  5610 | D:6      | Reached skill level 6 in Transmutations
  5610 | D:6      | Reached XP level 8. HP: 42/59 MP: 11/14
  5739 | D:6      | Reached skill level 5 in Unarmed Combat
  5974 | D:6      | Gained mutation: You are hated by all. [Ru sacrifice]
  5974 | D:6      | Reached * piety under Ru
  5987 | D:6      | Noticed Duvessa
  5987 | D:6      | Noticed Dowan
  5999 | D:6      | Killed Duvessa
  6000 | D:6      | Killed Dowan
  6001 | D:6      | Reached skill level 7 in Transmutations
  6082 | D:6      | Noticed Menkaure
  6087 | D:6      | Killed Menkaure
  6428 | D:6      | Reached skill level 5 in Spellcasting
  6473 | D:6      | Reached XP level 9. HP: 68/68 MP: 11/16
  6740 | D:7      | Found a runed translucent gate.
  6740 | D:7      | Found a runed translucent gate.
  6740 | D:7      | Found a runed translucent gate.
  6741 | D:7      | Noticed eyesofgods1's ghost (novice OpFi)
  6741 | D:7      | Noticed Megustar's ghost (novice DEFE)
  6742 | D:7      | Noticed kaladindcss's ghost (amateur MiFi)
  7262 | D:7      | Reached skill level 8 in Transmutations
  7680 | D:8      | Noticed Pikel
  7813 | D:8      | Killed Pikel
  7814 | D:8      | Reached skill level 9 in Transmutations
  7814 | D:8      | Reached XP level 10. HP: 29/80 MP: 15/18
  8166 | D:8      | Reached skill level 5 in Fighting
  8293 | D:8      | Gained mutation: You cannot study or use magical devices.
                  | [Ru sacrifice]
  8293 | D:8      | Reached ** piety under Ru
  8293 | D:8      | Reached *** piety under Ru
  8302 | D:8      | Found a stormy altar of Qazlal.
  8305 | D:8      | Found a shimmering blue altar of Sif Muna.
  8409 | D:8      | Noticed a catoblepas
  8430 | D:8      | Killed a catoblepas
  8431 | D:8      | Noticed a boulder beetle
  8445 | D:8      | Killed a boulder beetle
  8446 | D:8      | Reached skill level 5 in Dodging
  8446 | D:8      | Reached skill level 10 in Transmutations
  8446 | D:8      | Noticed a purple ugly thing
  8446 | D:8      | Noticed a red ugly thing
  8446 | D:8      | Noticed a brown ugly thing
  8524 | D:8      | HP: 3/99 [acid (6)]
  8526 | D:8      | Mangled by a brown ugly thing

Illustrated notes

Levels and vault maps discovered:
D:1:      scummos_arrival_hexagon, layout_rooms
D:2:      layout_loops_cross, chequers_ecumenical_altar_island
D:3:      layout_loops_corners, uniq_sigmund
D:4:      layout_rooms, slow_altar_2, minmay_temple_entry_stoned_glass,
          nicolae_ossuary_entry_plus, minivault_5, moated_statue,
          serial_park_tiny_1, skrybe_limestone_x, chequers_serial_rivers_room_b
D:5:      layout_gridville, minmay_misc_feat_iff, minivault_26, uniq_grinder
D:6:      layout_basic, amcnicky_mini_rare_corridor_liquid, uniq_menkaure,
          uniq_duvessa
D:7:      layout_gridville, gammafunk_ghost_cemetery, serial_park_tiny_1
D:8:      minmay_the_grid_octo_tiled_octocenter
          [minmay_the_grid_octo_tetromino_candy, minmay_the_grid_octo_empty,
          minmay_the_grid_octo_horde, minmay_the_grid_octo_shrine,
          minmay_the_grid_octo_prize_ultimate_mussel_roller,
          minmay_the_grid_square_5x5_n, minmay_the_grid_square_5x5_checkered,
          minmay_the_grid_square_5x5_shrine2,
          minmay_the_grid_square_5x5_gyroscope], layout_basic, serial_curves,
          eino_curves_04, eino_curves_02, uniq_pikel
Temple:   kilobyte_greek_temple

Skill      XL: |  1  2  3  4  5  6  7  8  9 10 |
---------------+-------------------------------+-----
Transmutations | 3 4 5 6 7 9 10 | 10.1
Poison Magic   | 2 |  2.0
Unarmed Combat | 4 5 6 7 |  7.5
Spellcasting   | 3 4 5 6 |  6.6
Ice Magic      | 2 3 4 |  4.0
Dodging        | 2 4 5 |  5.1
Fighting       | 2 4 5 |  5.9

Action                   |  1- 3 |  4- 6 |  7- 9 | 10-12 || total
-------------------------+-------+-------+-------+-------++-------
Melee: Unarmed           |   105 |   280 |   218 |   128 ||   731
       Kick              |    18 |    65 |       |       ||    83
       Tailslap          |    10 |    16 |       |       ||    26
       Headbutt          |    11 |    31 |       |       ||    42
       Punch             |     1 |     9 |       |       ||    10
 Cast: Beastly Appendage |    29 |    28 |       |       ||    57
       Spider Form       |     1 |     6 |     2 |       ||     9
       Wereblood         |       |     3 |     4 |     3 ||    10
       Ice Form          |       |     1 |    23 |     8 ||    32
Invok: Sacrifice Love    |       |       |     1 |       ||     1
       Sacrifice Artific |       |       |       |     1 ||     1
  Use: Scroll            |    12 |     7 |     7 |     2 ||    28
       Potion            |       |     1 |       |       ||     1
 Stab: Sleeping          |       |     5 |     1 |       ||     6
       Distracted        |       |       |     2 |       ||     2
       Petrified         |       |       |       |     9 ||     9
Armor: Skin              |    42 |    79 |    75 |    34 ||   230
Dodge: Dodged            |    64 |   259 |   177 |    50 ||   550

Table legend: (Time is in decaauts)
 A = Elapsed time spent in this place.
 B = Non-inter-level travel time spent in this place.
 C = Inter-level travel time spent in this place.
 D = Time resting spent in this place.
 E = Time spent auto-exploring this place.
 F = Levels seen in this place.
 G = Mean time per level.
                   A        B        C        D        E       F      G
               +--------+--------+--------+--------+--------+-----+--------+
         Total |   8475 |   8261 |    214 |    475 |   6131 |  10 |  847.5 |
       Dungeon |   7749 |   7566 |    183 |    399 |   5800 |   8 |  968.6 |
        Temple |    155 |    124 |     31 |      0 |    107 |   1 |  155.0 |
       Ossuary |    570 |    570 |      0 |     76 |    224 |   1 |  570.0 |
               +--------+--------+--------+--------+--------+-----+--------+

Top non-repeatable levels by time:
     D:3: 1219 daAuts
     D:7: 1185 daAuts
     D:6: 1116 daAuts
     D:5: 992 daAuts
     D:1: 987 daAuts
     D:2: 880 daAuts
     D:4: 730 daAuts
     D:8: 637 daAuts
 Ossuary: 570 daAuts
  Temple: 155 daAuts
